 Dungeon Crawl Stone Soup version 0.30-a0-881-g1ff12e1e11 (webtiles) character file.

Game seed: 15991353426467274717

395 NinjaNoafa the Magician (level 6, -5/45 HPs)
             Began as a Draconian Conjurer on Mar 14, 2023.
             Slain by an ogre
             ... wielding a +0 giant club
              (25 damage)
             ... on level 4 of the Dungeon.
             The game lasted 00:09:26 (2735 turns).

NinjaNoafa the Magician (Draconian Conjurer)        Turns: 2735, Time: 00:09:27

Health: -5/45      AC:  7    Str:  9    XL:     6   Next: 52%
Magic:  8/14       EV: 12    Int: 21    God:
Gold:   153        SH:  0    Dex:  9    Spells: 12/15 levels left

rFire   . . .      SeeInvis .    b - +2 dagger (venom)
rCold   . . .      Faith    .    (no shield)
rNeg    . . .      Spirit   .    (body armour unavailable)
rPois   +          Reflect  .    (helmet restricted)
rElec   .          Rampage  .    t - +0 cloak
rCorr   .                        (no gloves)
Will    .....                    (no boots)
Stlth   ++                       (no amulet)
HPRegen 0.27/turn                u - ring of flight
MPRegen 0.14/turn                r - ring of poison resistance

@: flying
A: AC +6, unfitting armour, cold-blooded
a: no special abilities


You were on level 4 of the Dungeon.
You visited 1 branch of the dungeon, and saw 4 of its levels.

You collected 153 gold pieces.

Inventory:

Hand Weapons
 a - the +0 long sword "Faopuuma" {elec, Int+4}
   (You found it on level 3 of the Dungeon)

   Int:       It affects your intelligence (+4).
 b - a +2 dagger of venom (weapon)
Missiles
 l - 2 boomerangs
 o - 9 atropa-tipped darts
 x - 20 poisoned darts
Armour
 s - a +2 kite shield
 t - a +0 cloak (worn)
Magical Staves
 c - a staff of air
Jewellery
 r - a ring of poison resistance (right hand)
 u - a ring of flight (left hand)
Wands
 y - a wand of roots (5)
Scrolls
 h - a scroll of silence {unknown}
 j - 3 scrolls of identify {unknown}
 k - 4 scrolls of teleportation {unknown}
 m - a scroll of noise {unknown}
 q - a scroll of enchant weapon {unknown}
 w - a scroll of vulnerability {unknown}
Potions
 d - a potion of haste {unknown}
 e - 2 potions of lignification {unknown}
 f - 6 potions of curing
 g - 2 potions of flight {unknown}
 i - a potion of brilliance {unknown}
 n - 2 potions of might {unknown}
 p - a potion of berserk rage {unknown}
Miscellaneous
 v - a piece from Xom's chessboard (15/15)


   Skills:
 - Level 1.7 Dodging
 - Level 1.7 Stealth
 + Level 5.4 Spellcasting
 - Level 5.0 Conjurations
 + Level 2.1 Translocations


You had 12 spell levels left.
You knew the following spells:

 Your Spells              Type           Power      Damage    Failure   Level
a - Magic Dart            Conj           100%       1d8       1%          1
b - Searing Ray           Conj           52%        2d6       1%          2

Your spell library contained the following spells:

 Spells                   Type           Power      Damage    Failure   Level
 Lesser Beckoning         Tloc           28%        N/A       7%          2
 Summon Small Mammal      Summ           20%        N/A       11%         1
 Dazzling Flash           Conj/Hex       32%        N/A       11%         3
 Gell's Gravitas          Tloc           14%        N/A       13%         3
 Teleport Other           Tloc           14%        N/A       13%         3
 Iskenderun's Mystic Bla  Conj/Tloc      20%        2d6       24%         4
 Call Canine Familiar     Summ           5%         N/A       30%         3
 Summon Guardian Golem    Hex/Summ       5%         N/A       30%         3
 Fulminant Prism          Conj/Hex       8%         3d6       36%         4
 Chain Lightning          Conj/Air       8%         3d10      100%        9
 Fire Storm               Conj/Fire      8%         8d2       100%        9
 Shatter                  Erth           2%         3d6*      100%        9


Dungeon Overview and Level Annotations

Branches:
Dungeon (4/15)
 Temple: D:4-7

Altars:
Xom

Shops:
D:4 [*

Annotations:
D:2 1 runed translucent door, Crazy Yiuf


Innate Abilities, Weirdness & Mutations

Your plain brown scales are hard. (AC +6)
You cannot fit into any form of body armour.
You are cold-blooded and may be slowed by cold attacks.


Message History

Casting: Searing Ray (safe; 1% risk of failure)
Confirm with . or Enter, or press ? or * to list all spells.
Aiming: Searing Ray (safe; 1% risk of failure)
Press: ? - help, Shift-Dir - straight line, f - ogre
Aim: an ogre, wielding a +0 giant club (wandering, hasn't noticed you, 90% to hit)
The searing ray misses the ogre. (Press . to maintain the ray.)
The ogre shouts!
The ogre hits you with a +0 giant club!!
Ouch! That really hurt!
* * * LOW HITPOINT WARNING * * *
The searing ray hits the ogre.
The ogre is lightly wounded.
The searing ray misses the ogre.
The ogre closely misses you.
You see here a +0 ring mail.
The ogre attacks as you move away! The ogre closely misses you.
Okay, then.
Aiming: Fastroot
Press: ? - help, Shift-Dir - straight line, f/p - ogre
Aim: an ogre, wielding a +0 giant club (lightly wounded)
The roots erupt in riotous growth!
Roots grab the ogre.
The grasping roots constrict the ogre.
You hear a shout!
The ogre struggles to escape constriction.
Casting: Searing Ray (safe; 1% risk of failure)
Confirm with . or Enter, or press ? or * to list all spells.
Aiming: Searing Ray (safe; 1% risk of failure)
Press: ? - help, Shift-Dir - straight line, f/p - ogre
Aim: an ogre, wielding a +0 giant club (moderately wounded, constricted by roots, 100% to hit)
The searing ray hits the ogre!
The ogre is severely wounded. (Press . to maintain the ray.)
The grasping roots constrict the ogre.
The roots release their grip on the ogre.
The searing ray hits the ogre.
The ogre is almost dead.
The ogre hits you with a +0 giant club!!
Ouch! That really hurt!
You die...

#.# #.# #..#
#.###.# #.#
#.# #..#
#######.###..
# #.# #.# #..#
#............
#
#.###.#####..#
####.#####...
#
#...........##
+........... #
#.....#####.#
###.#####... #
#.##### #.###
#.# ##.. # #.#
#...# #.# #..
# #.#
###@##### #.#
#.# # #.#
#O##.. ..# #.#
# #.# #.##.#
### #.# # #.#
#.##.## #.# #
#.# #[#.#.##
#.# # #.#
#..###.## #.#
# #.# #.##
##.# #.# # #.#
##.###.## #.#
# #.# ##.#...#
#..


You could see an ogre.

Vanquished Creatures
  2 jellies (D:4)
  A hound (D:4)
  An iguana (D:4)
  Terence (D:2)
  Natasha (thrice) (D:2)
  7 gnolls
  4 adders
  An ufetubus (D:4)
  2 dart slugs (D:3)
  An orc (D:2)
  6 ball pythons
  6 endoplasms
  4 giant cockroaches
  5 goblins
  4 hobgoblins
  4 jackals (D:1)
  6 kobolds
  4 quokkas
  4 bats
  A frilled lizard (D:3)
  3 rats
  2 butterflies (D:4)
72 creatures vanquished.

Notes
Turn   | Place    | Note
-------+----------+-------------------------------------------
     0 | D:1      | NinjaNoafa the Draconian Conjurer began the quest for the
                  | Orb.
     0 | D:1      | Reached XP level 1. HP: 14/14 MP: 3/3
   360 | D:1      | Reached XP level 2. HP: 20/20 MP: 0/5
   439 | D:1      | Learned a level 2 spell: Searing Ray
   778 | D:2      | Reached XP level 3. HP: 26/26 MP: 2/7
   929 | D:2      | Found a runed translucent door.
   930 | D:2      | Noticed Crazy Yiuf
   959 | D:2      | Noticed Terence
  1000 | D:2      | Noticed Natasha
  1010 | D:2      | Killed Natasha
  1082 | D:3      | Reached XP level 4. HP: 33/33 MP: 1/8
  1090 | D:3      | Identified the +0 long sword "Faopuuma" {elec, Int+4}
  1204 | D:2      | Noticed Natasha
  1239 | D:2      | Killed Natasha
  1240 | D:2      | Reached skill level 5 in Conjurations
  1270 | D:2      | Killed Terence
  1484 | D:2      | Noticed Natasha
  1492 | D:2      | Killed Natasha
  1493 | D:2      | Reached XP level 5. HP: 32/38 MP: 4/11
  2037 | D:4      | Reached skill level 5 in Spellcasting
  2054 | D:4      | Found Riduel's General Store.
  2124 | D:4      | Found a shimmering altar of Xom.
  2138 | D:4      | Reached XP level 6. HP: 43/45 MP: 7/13
  2252 | D:4      | Reached skill level 1 in Translocations
  2263 | D:4      | Found Cihyubb's Armour Shoppe.
  2735 | D:4      | Slain by an ogre

Illustrated notes

Levels and vault maps discovered:
D:1:      roderic_chinese_lattice_arrival, layout_loops_ring
D:2:      layout_basic, uniq_crazy_yiuf_cottage, uniq_terence, uniq_natasha
D:3:      layout_rooms
D:4:      layout_loops_ring, grunt_temple_overflow_lords_of_destruction,
          xom_butterflies, serial_shops, shop, shop

Skill      XL: |  1  2  3  4  5  6 |
---------------+-------------------+-----
Spellcasting   | 3 4 5 |  5.4
Conjurations   | 5 |  5.0
Translocations | 2 |  2.1
Dodging        | |  1.7
Stealth        | |  1.7

Action                     |  1- 3 |  4- 6 || total
---------------------------+-------+-------++-------
  Melee: Whip              |    13 |       ||    13
         Tailslap          |     1 |     1 ||     2
         Dagger            |     3 |    16 ||    19
         Long sword        |       |     5 ||     5
   Cast: Magic Dart        |    37 |    10 ||    47
         Searing Ray       |    11 |    30 ||    41
  Evoke: Wand              |       |     1 ||     1
    Use: Potion            |     1 |       ||     1
 Armour: Skin              |    15 |    14 ||    29
  Dodge: Dodged            |    20 |    35 ||    55

Table legend: (Time is in decaauts)
 A = Elapsed time spent in this place.
 B = Non-inter-level travel time spent in this place.
 C = Inter-level travel time spent in this place.
 D = Time resting spent in this place.
 E = Time spent auto-exploring this place.
 F = Levels seen in this place.
 G = Mean time per level.
                   A        B        C        D        E       F      G
               +--------+--------+--------+--------+--------+-----+--------+
         Total |   2736 |   2616 |    120 |      0 |   1731 |   4 |  684.0 |
       Dungeon |   2736 |   2616 |    120 |      0 |   1731 |   4 |  684.0 |
               +--------+--------+--------+--------+--------+-----+--------+

Top non-repeatable levels by time:
     D:2: 802 daAuts
     D:4: 720 daAuts
     D:1: 689 daAuts
     D:3: 524 daAuts
